 Dungeon Crawl Stone Soup version 0.30-a0-322-g102857c98e (webtiles) character file.

Game seed: 598826640229881133

9345 billz999 the Skirmisher (level 11, -19/86 HPs)
             Began as a Gnoll Hunter on Oct 28, 2022.
             Was an Initiate of Gozag.
             Demolished by a red ugly thing (31 damage)
             ... on level 8 of the Dungeon.
             The game lasted 00:22:26 (11744 turns).

billz999 the Skirmisher (Gnoll Hunter)             Turns: 11744, Time: 00:22:28

Health: -19/86     AC: 12    Str: 10    XL:     11   Next: 45%
Magic:  20/20      EV: 13    Int:  8    God:    Gozag
Gold:   1773       SH:  0    Dex: 24    Spells: 23/23 levels left

rFire   x . .      SeeInvis +    b - +7 short sword of Heoffus {venom, rElec rPois rF- Will+}
rCold   . . .      Faith    .    (no shield)
rNeg    . . .      Spirit   .    G - +1 scale mail "Necwio" {Dex+3}
rPois   +          Reflect  .    t - +0 helmet
rElec   +          Harm     .    y - +0 cloak {Will+}
rCorr   .          Rampage  .    (no gloves)
Will    ++...                    M - +0 pair of boots {Fly}
Stlth   +++.......               (no amulet)
HPRegen 0.34/turn                B - ring of see invisible
MPRegen 0.17/turn                (no ring)

@: flying
A: fangs 1, strong nose, distributed training
a: Renounce Religion, Potion Petition, Call Merchant, Bribe Branch


You were on level 8 of the Dungeon.
You worshipped Gozag.
Gozag was most pleased with you.
You visited 2 branches of the dungeon, and saw 11 of its levels.
You also visited: Bailey.

You collected 2109 gold pieces.
You spent 276 gold pieces at shops.
You paid 60 gold pieces to Gozag.

Inventory:

Hand Weapons
 a - a +0 shortbow
 b - the +7 short sword of Heoffus (weapon) {venom, rElec rPois rF- Will+}
   (You found it on level 4 of the Dungeon)

   It poisons the flesh of those it strikes.
   rF:        It makes you vulnerable to fire.
   rElec:     It insulates you from electricity.
   rPois:     It protects you from poison.
   Will:      It increases your willpower.
 n - a +2 dagger of venom
Missiles
 v - 2 throwing nets
 A - 6 silver boomerangs
Armour
 t - a +0 helmet (worn)
 y - a +0 cloak of willpower (worn)
 G - the +1 scale mail "Necwio" (worn) {Dex+3}
   (You bought it in a shop on level 8 of the Dungeon)

   Dex:       It affects your dexterity (+3).
 M - a +0 pair of boots of flying (worn)
Magical Staves
 h - a staff of death
Jewellery
 B - a ring of see invisible (left hand)
Wands
 p - a wand of iceblast (8)
 H - a wand of polymorph (1)
 K - a wand of flame (1)
Scrolls
 e - 2 scrolls of enchant armour
 k - 5 scrolls of identify
 l - a scroll of brand weapon
 m - 2 scrolls of fear
 o - 5 scrolls of amnesia
 q - 3 scrolls of fog
 s - 7 scrolls of teleportation
 u - 2 scrolls of immolation
 z - 2 scrolls of magic mapping
 F - a scroll of enchant weapon {unknown}
 L - 3 scrolls of noise {unknown}
Potions
 d - 2 potions of curing
 f - 3 potions of lignification {unknown}
 g - a potion of cancellation {unknown}
 i - 4 potions of heal wounds
 r - 2 potions of magic {unknown}
 w - a potion of resistance {unknown}
 x - a potion of haste {unknown}
 D - 2 potions of degeneration {unknown}
 E - 4 potions of flight
 J - a potion of mutation {unknown}


   Skills:
 + Level 8.1 Fighting
 + Level 6.5 Short Blades
 + Level 6.5 Long Blades
 + Level 6.5 Axes
 + Level 6.5 Maces & Flails
 + Level 6.5 Polearms
 + Level 6.5 Staves
 + Level 10.7 Ranged Weapons
 + Level 6.5 Throwing
 + Level 6.5 Armour
 + Level 8.1 Dodging
 + Level 7.0 Stealth
 + Level 6.5 Shields
 + Level 6.5 Unarmed Combat
 + Level 6.5 Spellcasting
 + Level 5.4 Conjurations
 + Level 5.4 Hexes
 + Level 5.4 Summonings
 + Level 5.4 Necromancy
 + Level 5.4 Translocations
 + Level 5.4 Transmutations
 + Level 5.4 Fire Magic
 + Level 5.4 Ice Magic
 + Level 5.4 Air Magic
 + Level 5.4 Earth Magic
 + Level 5.4 Poison Magic
 + Level 7.2 Invocations
 + Level 6.5 Evocations


You had 23 spell levels left.
You didn't know any spells.
Your spell library contained the following spells:

 Spells                   Type           Power      Damage    Failure   Level
 Slow                     Hex            44%        N/A       13%         1
 Summon Small Mammal      Summ           44%        N/A       13%         1
 Blink                    Tloc           22%        N/A       21%         2
 Momentum Strike          Conj/Tloc      22%        3d8       21%         2
 Call Canine Familiar     Summ           11%        N/A       36%         3
 Confusing Touch          Hex            11%        N/A       36%         3
 Lesser Beckoning         Tloc           22%        N/A       36%         3
 Portal Projectile        Hex/Tloc       22%        N/A       36%         3
 Summon Guardian Golem    Hex/Summ       11%        N/A       36%         3
 Tukima's Dance           Hex            11%        N/A       36%         3
 Vampiric Draining        Necr           11%        2d6       36%         3
 Blade Hands              Tmut           5%         N/A       98%         5


Dungeon Overview and Level Annotations

Branches:
Dungeon (10/15)            Temple (1/1) D:5          Bailey (visited)
   Lair: D:8-11         Orc: D:9-12

Altars:
Gozag
Hepliaklqana
Kikubaaqudgha
Makhleb
Nemelex Xobeh
Okawaru
Qazlal
Sif Muna
Trog
Uskayaw

Shops:
D:2 !   D:5 ?   D:8 ?((*


Innate Abilities, Weirdness & Mutations

You have very sharp teeth.
Your uncanny sense of smell can sniff out nearby items.
Your experience applies equally to all skills.


Message History

The red ugly thing punches you.
You are engulfed in flames!!
The red ugly thing closely misses you.
You fly upwards.
There is a stone staircase leading down here.
Okay, then.
You don't know any spells.
Okay, then.
Okay, then.
Okay, then.
The +7 short sword of Heoffus {venom, rElec rPois rF- Will+} begins to drip with poison!
b - the +7 short sword of Heoffus (weapon)
{venom, rElec rPois rF- Will+} You puncture the red ugly thing!
The red ugly thing is poisoned.
The red ugly thing is moderately wounded.
The red ugly thing barely misses you.
You barely miss the red ugly thing.
The red ugly thing is moderately wounded.
You hit the red ugly thing.
The red ugly thing looks as sick as possible!
The red ugly thing is moderately wounded.
The red ugly thing punches you but does no damage.
You hit the red ugly thing.
The red ugly thing is moderately wounded.
The red ugly thing punches you but does no damage.
You hit the red ugly thing.
The red ugly thing looks as sick as possible!
The red ugly thing is heavily wounded.
The red ugly thing punches you.
You are engulfed in flames!!
The fire burns you terribly!
* * * LOW HITPOINT WARNING * * *
Unknown command.
The red ugly thing attacks as you move away!
The red ugly thing barely misses you.
You puncture the red ugly thing!
The red ugly thing looks as sick as possible!
The red ugly thing is almost dead.
The red ugly thing punches you.
* * * LOW HITPOINT WARNING * * *
You are engulfed in flames!!
The fire burns you terribly!
You die...
Your body crumbles into a pile of gold.

#<........#.##############.
##.##.##.##.###### ##
##.##.##.........#
#........##.####.#
#.######.##.# #.# #.#
#....####.###### #.#
###..)...##.[....#
#.####........####....####
#.........@u...>...^.....##
#..###....[...####....##.##
#..#####......# ##.#.##.##
#....###..<.### #.#.##.##
#.##........#######.#.##...
#.##..#####)........#.#####
#.##..# #.#########.# #
#.##..# #.# ##.## # #.##..#
#.# ###...####


You could see a red ugly thing (extremely poisoned).

Vanquished Creatures
  2 two-headed ogres
  A death knight (D:10)
  A boulder beetle (D:9)
  Pikel (D:8)
  Maggie (D:9)
  A hornet (D:9)
  2 shadows (D:9)
  8 yaks (D:9)
  3 water moccasins
  2 sky beasts (D:7)
  2 ice beasts
  6 orc warriors
  A black bear (D:4)
  2 centaurs
  3 ogres
  2 lemures (D:8)
  3 kobold brigands
  3 phantoms
  Blork the orc (D:4)
  3 bullfrogs
  A necrophage (D:6)
  2 gnoll sergeants (D:9)
  2 scorpions
  9 wights
  11 killer bees
  4 electric eels
  2 howler monkeys (D:7)
  A lava snake (D:8)
  A jelly (D:7)
  3 hounds (D:4)
  A gnoll bouda (D:4)
  2 orc priests
  Crazy Yiuf (D:4)
  2 iguanas (D:5)
  Natasha (twice) (D:2)
  2 orc wizards
  12 gnolls
  5 adders
  A shadow imp (D:6)
  2 white imps
  2 ufetubi
  4 dart slugs
  21 orcs
  8 ball pythons
  8 endoplasms
  2 giant cockroaches
  8 hobgoblins
  3 jackals (D:1)
  4 quokkas
  4 bats
  3 frilled lizards
  12 goblins
  24 kobolds
  3 rats
220 creatures vanquished.

Vanquished Creatures (others)
  An orc (D:8)
1 creature vanquished.

Grand Total: 221 creatures vanquished

Notes
Turn   | Place    | Note
-------+----------+-------------------------------------------
     0 | D:1      | billz999 the Gnoll Hunter began the quest for the Orb.
     0 | D:1      | Reached XP level 1. HP: 20/20 MP: 1/1
    42 | D:1      | Reached XP level 2. HP: 25/26 MP: 2/2
   469 | D:1      | Reached XP level 3. HP: 31/31 MP: 3/3
   921 | D:2      | Noticed Natasha
   923 | D:2      | Killed Natasha
   924 | D:2      | Reached skill level 1 in Short Blades
   924 | D:2      | Reached skill level 1 in Long Blades
   924 | D:2      | Reached skill level 1 in Axes
   924 | D:2      | Reached skill level 1 in Maces & Flails
   924 | D:2      | Reached skill level 1 in Polearms
   924 | D:2      | Reached skill level 1 in Staves
   924 | D:2      | Reached skill level 1 in Throwing
   924 | D:2      | Reached skill level 1 in Armour
   924 | D:2      | Reached skill level 1 in Shields
   924 | D:2      | Reached skill level 1 in Unarmed Combat
   924 | D:2      | Reached skill level 1 in Spellcasting
   924 | D:2      | Reached skill level 1 in Invocations
   924 | D:2      | Reached skill level 1 in Evocations
   942 | D:2      | Reached XP level 4. HP: 38/38 MP: 5/5
   971 | D:2      | Found Cooret's Distillery.
   979 | D:2      | Bought a potion of curing for 33 gold pieces
  1162 | D:2      | Found a stormy altar of Qazlal.
  1173 | D:2      | Noticed Natasha
  1180 | D:2      | Killed Natasha
  1181 | D:2      | Reached skill level 1 in Conjurations
  1181 | D:2      | Reached skill level 1 in Hexes
  1181 | D:2      | Reached skill level 1 in Summonings
  1181 | D:2      | Reached skill level 1 in Necromancy
  1181 | D:2      | Reached skill level 1 in Translocations
  1181 | D:2      | Reached skill level 1 in Transmutations
  1181 | D:2      | Reached skill level 1 in Fire Magic
  1181 | D:2      | Reached skill level 1 in Ice Magic
  1181 | D:2      | Reached skill level 1 in Air Magic
  1181 | D:2      | Reached skill level 1 in Earth Magic
  1181 | D:2      | Reached skill level 1 in Poison Magic
  1276 | D:2      | Found a faded altar of an unknown god.
  1313 | D:2      | You fall into a shaft and drop 1 floor!
  1819 | D:3      | Reached XP level 5. HP: 43/43 MP: 7/7
  2090 | D:4      | Identified the +7 short sword of Heoffus {venom, rElec
                  | rPois rF- Will+}
  2188 | D:4      | Reached XP level 6. HP: 47/50 MP: 8/8
  2280 | D:4      | Noticed a black bear
  2289 | D:4      | Killed a black bear
  2290 | D:4      | Reached skill level 5 in Fighting
  2290 | D:4      | Reached skill level 5 in Dodging
  2721 | D:4      | Reached XP level 7. HP: 56/56 MP: 10/10
  2836 | D:4      | Noticed Blork the orc
  2845 | D:4      | Killed Blork the orc
  2967 | D:4      | Found a runed translucent door.
  2968 | D:4      | Noticed Crazy Yiuf
  3361 | D:4      | Killed Crazy Yiuf
  3446 | D:5      | Entered Level 5 of the Dungeon
  3519 | D:5      | Reached skill level 9 in Ranged Weapons
  3752 | D:5      | Reached XP level 8. HP: 46/63 MP: 12/12
  3811 | D:5      | Found a staircase to the Ecumenical Temple.
  3870 | Temple   | Entered the Ecumenical Temple
  3879 | Temple   | Became a worshipper of Gozag Ym Sagoz the Greedy
  3903 | D:5      | Found Hesaqax's Magic Scroll Boutique.
  4292 | D:5      | Found a burning altar of Makhleb.
  4292 | D:5      | Noticed a balrug
  5582 | D:7      | Reached XP level 9. HP: 69/69 MP: 14/14
  5985 | D:7      | Reached skill level 5 in Stealth
  6023 | D:7      | Reached skill level 5 in Invocations
  7317 | D:8      | Noticed a two-headed ogre
  7334 | D:8      | Killed a two-headed ogre
  7335 | D:8      | Reached skill level 5 in Short Blades
  7335 | D:8      | Reached skill level 5 in Long Blades
  7335 | D:8      | Reached skill level 5 in Axes
  7335 | D:8      | Reached skill level 5 in Maces & Flails
  7335 | D:8      | Reached skill level 5 in Polearms
  7335 | D:8      | Reached skill level 5 in Staves
  7335 | D:8      | Reached skill level 10 in Ranged Weapons
  7335 | D:8      | Reached skill level 5 in Throwing
  7335 | D:8      | Reached skill level 5 in Armour
  7335 | D:8      | Reached skill level 5 in Shields
  7335 | D:8      | Reached skill level 5 in Unarmed Combat
  7335 | D:8      | Reached skill level 5 in Spellcasting
  7335 | D:8      | Reached skill level 5 in Evocations
  7335 | D:8      | Reached XP level 10. HP: 20/77 MP: 17/17
  7875 | D:8      | Noticed Pikel
  7894 | D:8      | Killed Pikel
  8053 | D:8      | Found Dose's Assorted Antiques.
  8056 | D:8      | Found Giaxo's Antique Weapon Shop.
  8057 | D:8      | Found Live's Weapon Emporium.
  8058 | D:8      | Found Hexape's Magic Scroll Boutique.
  8071 | D:8      | Bought a pitted scale mail for 243 gold pieces
  8071 | D:8      | Identified the +1 scale mail "Necwio" {Dex+3} (You bought
                  | it in a shop on level 8 of the Dungeon)
  8439 | D:8      | Found an iron altar of Okawaru.
  8593 | D:9      | Noticed Maggie
  8619 | D:9      | Killed Maggie
  9644 | D:9      | Noticed a two-headed ogre
  9656 | D:9      | Killed a two-headed ogre
  9657 | D:9      | Reached skill level 5 in Conjurations
  9657 | D:9      | Reached skill level 5 in Hexes
  9657 | D:9      | Reached skill level 5 in Summonings
  9657 | D:9      | Reached skill level 5 in Necromancy
  9657 | D:9      | Reached skill level 5 in Translocations
  9657 | D:9      | Reached skill level 5 in Transmutations
  9657 | D:9      | Reached skill level 5 in Fire Magic
  9657 | D:9      | Reached skill level 5 in Ice Magic
  9657 | D:9      | Reached skill level 5 in Air Magic
  9657 | D:9      | Reached skill level 5 in Earth Magic
  9657 | D:9      | Reached skill level 5 in Poison Magic
  9657 | D:9      | Reached XP level 11. HP: 85/85 MP: 18/20
 10363 | D:10     | Entered Level 10 of the Dungeon
 10372 | D:10     | Found a flagged portal.
 10386 | Bailey   | Entered a bailey
 11212 | D:10     | Noticed a centaur warrior
 11219 | D:10     | Noticed a death knight
 11224 | D:10     | Noticed a death knight
 11228 | D:10     | Killed a death knight
 11228 | D:10     | Noticed a boulder beetle
 11452 | D:10     | Noticed a red ugly thing
 11453 | D:10     | Identified the ring of Biabeaqu {rC++ Str+6}
 11455 | D:10     | Noticed a white ugly thing
 11471 | D:9      | Killed a boulder beetle
 11718 | D:10     | Noticed a wizard
 11744 | D:8      | Demolished by a red ugly thing

Illustrated notes

Levels and vault maps discovered:
D:1:      erik_arrival_cave_to_civilisation [erik_arrival_cave_to_hall],
          layout_loops_ring
D:2:      layout_basic, basic_altar, ebering_ecumenical_altar_mist,
          serial_shops, shop_fountains, uniq_natasha
D:3:      layout_basic
D:4:      layout_loops_corners, minmay_pentangle, uniq_blork_the_orc,
          uniq_crazy_yiuf_cottage
D:5:      layout_gridville, makhleb_altar_promises_db,
          minmay_temple_entry_arrows, serial_shops, shop,
          kennysheep_cluttered_room
D:6:      layout_loops_ring
D:7:      layout_cave_pods, water_maze_lemuel
D:8:      layout_loops_ring, okawaru_altar_gauntlet_db, kennysheep_flooded_box,
          nicolae_wooded_promenade, uniq_pikel
D:9:      layout_loops_ring, minmay_starry_boxes, uniq_maggie
D:10:     minmay_cut_squares, layout_basic, enter_bailey_5
Temple:   nicolae_temple_bog_church

Skill      XL: |  1  2  3  4  5  6  7  8  9 10 11 |
---------------+----------------------------------+-----
Short Blades   | 1 2 3 5 6 |  6.5
Long Blades    | 1 2 3 5 6 |  6.5
Axes           | 1 2 3 5 6 |  6.5
Maces & Flails | 1 2 3 5 6 |  6.5
Polearms       | 1 2 3 5 6 |  6.5
Staves         | 1 2 3 5 6 |  6.5
Throwing       | 1 2 3 5 6 |  6.5
Armour         | 1 2 3 5 6 |  6.5
Shields        | 1 2 3 5 6 |  6.5
Unarmed Combat | 1 2 3 5 6 |  6.5
Spellcasting   | 1 2 3 5 6 |  6.5
Invocations    | 1 2 3 4 5 6 7 |  7.2
Evocations     | 1 2 3 5 6 |  6.5
Conjurations   | 1 2 3 4 5 |  5.4
Hexes          | 1 2 3 4 5 |  5.4
Summonings     | 1 2 3 4 5 |  5.4
Necromancy     | 1 2 3 4 5 |  5.4
Translocations | 1 2 3 4 5 |  5.4
Transmutations | 1 2 3 4 5 |  5.4
Fire Magic     | 1 2 3 4 5 |  5.4
Ice Magic      | 1 2 3 4 5 |  5.4
Air Magic      | 1 2 3 4 5 |  5.4
Earth Magic    | 1 2 3 4 5 |  5.4
Poison Magic   | 1 2 3 4 5 |  5.4
Stealth        | 3 4 5 6 7 |  7.0
Fighting       | 5 6 7 8 |  8.1
Dodging        | 5 6 7 8 |  8.1
Ranged Weapons | 9 10 | 10.7

Action                   |  1- 3 |  4- 6 |  7- 9 | 10-12 || total
-------------------------+-------+-------+-------+-------++-------
Melee: Short sword       |       |    37 |   212 |   245 ||   494
       Bite              |       |     2 |    29 |    50 ||    81
       Unarmed           |       |     1 |       |       ||     1
       Punch             |       |       |     6 |    14 ||    20
 Fire: Shortbow          |    68 |    67 |   105 |   129 ||   369
Throw: Boomerang         |       |       |     2 |       ||     2
Evoke: Wand              |       |       |     3 |    10 ||    13
  Use: Scroll            |       |       |     7 |     1 ||     8
       Potion            |       |       |     4 |       ||     4
 Stab: Sleeping          |       |     1 |     4 |       ||     5
       Distracted        |       |       |     3 |     2 ||     5
Armor: Leather armour    |     6 |       |       |       ||     6
       Ring mail         |       |    17 |    57 |     7 ||    81
       Scale mail        |       |       |       |    56 ||    56
Dodge: Dodged            |    25 |    31 |   122 |   121 ||   299

Table legend: (Time is in decaauts)
 A = Elapsed time spent in this place.
 B = Non-inter-level travel time spent in this place.
 C = Inter-level travel time spent in this place.
 D = Time resting spent in this place.
 E = Time spent auto-exploring this place.
 F = Levels seen in this place.
 G = Mean time per level.
                   A        B        C        D        E       F      G
               +--------+--------+--------+--------+--------+-----+--------+
         Total |  11672 |  11114 |    558 |   1120 |   8288 |  12 |  972.7 |
       Dungeon |  10905 |  10367 |    538 |   1020 |   7855 |  10 | 1090.5 |
        Temple |     22 |      2 |     20 |      0 |      0 |   1 |   22.0 |
        Bailey |    743 |    743 |      0 |    100 |    433 |   1 |  743.0 |
               +--------+--------+--------+--------+--------+-----+--------+

Top non-repeatable levels by time:
     D:9: 2041 daAuts
     D:8: 1555 daAuts
     D:4: 1499 daAuts
     D:7: 1491 daAuts
     D:5: 1118 daAuts
     D:6: 1078 daAuts
     D:1: 827 daAuts
  Bailey: 743 daAuts
     D:3: 629 daAuts
     D:2: 499 daAuts
    D:10: 164 daAuts
  Temple: 22 daAuts
